 Dungeon Crawl Stone Soup version 0.31-a0-1522-g43313d8a59 (webtiles) character file.

Game seed: 7809876979248942559

100 AstroCodex24 the Trooper (level 4, -1/35 HPs)
             Began as a Vampire Fighter on Dec 31, 2023.
             Succumbed to a scorpion's poison
             ... on level 5 of the Dungeon.
             The game lasted 00:02:23 (536 turns).

AstroCodex24 the Trooper (Vampire Fighter)           Turns: 536, Time: 00:02:23

Health: -1/35      AC:  6    Str: 17    XL:     4   Next: 46%
Magic:  4/4        EV:  9    Int: 10    God:
Gold:   15         SH:  4    Dex: 13    Spells: 3/3 levels left

rFire   + . .        a - +0 war axe
rCold   . . .        c - +0 buckler
rNeg    . . .        b - +0 scale mail
rPois   .            (no helmet)
rElec   .            (no cloak)
rCorr   .            (no gloves)
SInv    +            (no boots)
Will    .....        (no amulet) Stlth
                     i - ring of protection from fire
HPRegen 0.45/turn    (no ring)
MPRegen 0.09/turn

%: no passive effects
@: lethally poisoned (-1 -> -9), healing quickly
A: alive, fangs 3, see invisible, vampiric 2
a: Exsanguinate


You were on level 5 of the Dungeon.
You visited 1 branch of the dungeon, and saw 5 of its levels.

You collected 15 gold pieces.

Inventory:

Hand Weapons
 a - a +0 war axe (weapon)
Armour
 b - a +0 scale mail (worn)
 c - a +0 buckler (worn)
Jewellery
 i - a ring of protection from fire (left hand)
Scrolls
 f - a scroll of immolation
 g - a scroll of identify {unknown}
 h - a scroll of fear {unknown}
Potions
 d - a potion of might
 e - a potion of attraction {unknown}


   Skills:
 + Level 3.4 Fighting
 + Level 2.9 Axes
 + Level 2.9 Armour
 + Level 0.1 Dodging
 + Level 3.1 Shields


You had 3 spell levels left.
You didn't know any spells.
Your spell library contained the following spells:

 Spells                   Type           Power      Damage    Failure   Level
 Call Imp                 Summ           0%         N/A       94%         2
 Sublimation of Blood     Necr           0%         N/A       94%         2
 Summon Hydra             Summ           0%         N/A       100%        7


Dungeon Overview and Level Annotations

Branches:
Dungeon (5/15)
 Temple: D:4-7

Altars:


Innate Abilities, Weirdness & Mutations

Your natural rate of healing is accelerated.
You have razor-sharp teeth.
You have supernaturally acute eyesight. (SInv)
You are afflicted with vampirism and can become a bat while bloodless.


Message History

You barely miss the scorpion.
The scorpion is moderately wounded.
You feel sick. The scorpion barely misses you. x2
You hit the scorpion.
The scorpion is heavily wounded.
You feel sick.
The scorpion stings you but does no damage.
You hit the scorpion but do no damage.
The scorpion is heavily wounded.
You feel sick. The scorpion stings you. The scorpion closely misses you.
You closely miss the scorpion.
The scorpion is heavily wounded.
You feel sick.
You are no longer poisoned.
You block the scorpion's attack. The scorpion stings you.
You barely miss the scorpion.
The scorpion is heavily wounded.
You block the scorpion's attack.
The scorpion stings you but does no damage.
You closely miss the scorpion.
The scorpion is heavily wounded.
The scorpion stings you.
You are poisoned.
The scorpion poisons you!
You closely miss the scorpion.
The scorpion is heavily wounded.
* * * LOW HITPOINT WARNING * * *
You feel very sick. The scorpion stings you.
* * * LOW HITPOINT WARNING * * *
You are lethally poisoned!
The scorpion poisons you! The scorpion closely misses you.
You hit the scorpion but do no damage.
The scorpion is heavily wounded.
* * * LOW HITPOINT WARNING * * *
You feel very sick. The scorpion closely misses you.
You hit the scorpion.
The scorpion is severely wounded.
You die...

#.......................#
###########################
#......# ..# #......# ##.#
#......# #######+####..#
......### #.........##...
.......# #.........##..#
...####...####.........##..#
..........s@.'............>#
.#.###########.........##..#
#######...†...# #######.#
..# .# .# .# .#


You could see a scorpion.

Vanquished Creatures
  A hound (D:5)
  An orc priest (D:3)
  An orc wizard (D:3)
  3 orcs (D:3)
  An endoplasm (D:3)
  A goblin (D:1)
  2 quokkas (D:1)
  A frilled lizard (D:3)
  2 kobolds
  3 rats
16 creatures vanquished.

Notes
Turn   | Place    | Note
-------+----------+-------------------------------------------
     0 | D:1      | AstroCodex24 the Vampire Fighter began the quest for the
                  | Orb.
     0 | D:1      | Reached XP level 1. HP: 17/17 MP: 1/1
    53 | D:1      | Found a faded altar of an unknown god.
   160 | D:2      | You fall into a shaft and drop 1 floor!
   193 | D:3      | Reached XP level 2. HP: 14/23 MP: 2/2
   262 | D:3      | Gained mutation: You are afflicted with vampirism and can
                  | become a bat while bloodless. [Vampire growth]
   262 | D:3      | Reached XP level 3. HP: 18/29 MP: 3/3
   337 | D:3      | Reached XP level 4. HP: 34/35 MP: 4/4
   397 | D:5      | Entered Level 5 of the Dungeon
   520 | D:5      | Noticed a scorpion
   536 | D:5      | Succumbed to a scorpion's poison

Illustrated notes

Levels and vault maps discovered:
D:1:      onia_arrival_mini_spirals, layout_basic,
          hellmonk_ecumenical_altar_blasted
D:2:      layout_basic, minmay_misc_feat_room
D:3:      layout_loops_ring, nicolae_overflow_hidden_temple,
          mainiacjoe_overflow_alcove_1, lemuel_doored_altar,
          mainiacjoe_overflow_alcove_2, serial_shops, shop
D:4:      layout_basic
D:5:      layout_basic, serial_shops,
          nicolae_shop_temple_entry_statues_fountains,
          kennysheep_generic_room_10

Skill      XL: |  1  2  3 |
---------------+----------+-----
Fighting       | 3 |  3.4
Axes           | 2 |  2.9
Shields        | 3 |  3.1
Armour         | |  2.9
Dodging        | |  0.1

Action                     |  1- 3 |  4- 6 || total
---------------------------+-------+-------++-------
  Melee: War axe           |    45 |    18 ||    63
         Bite              |     5 |     2 ||     7
 Armour: Scale mail        |    25 |    21 ||    46
  Dodge: Dodged            |    21 |    13 ||    34
  Block: Buckler           |    13 |     7 ||    20

Table legend: (Time is in decaauts)
 A = Elapsed time spent in this place.
 B = Non-inter-level travel time spent in this place.
 C = Inter-level travel time spent in this place.
 D = Time resting spent in this place.
 E = Time spent auto-exploring this place.
 F = Levels seen in this place.
 G = Mean time per level.
                   A        B        C        D        E       F      G
               +--------+--------+--------+--------+--------+-----+--------+
         Total |    561 |    557 |      4 |      0 |      0 |   5 |  112.2 |
       Dungeon |    561 |    557 |      4 |      0 |      0 |   5 |  112.2 |
               +--------+--------+--------+--------+--------+-----+--------+

Top non-repeatable levels by time:
     D:3: 248 daAuts
     D:1: 148 daAuts
     D:5: 143 daAuts
     D:2: 13 daAuts
     D:4: 6 daAuts
